[Event "GambitGuide"]
[Site "Internet Chess Club"]
[Date "2014.10.30"]
[Round "1"]
[White "JSBach"]
[Black "nsideurheadbro"]
[Result "1-0"]
[ICCResult "Black checkmated"]
[WhiteElo "1651"]
[BlackElo "1184"]
[Opening "Vienna: `Frankenstein-Dracula' variation"]
[ECO "C27"]
[NIC "VG.02"]
[Time "17:39:34"]
[TimeControl "120+12"]

1. e4 e5 2. Nc3 Nf6 3. Bc4 Nxe4 4. Qh5 Nd6 5. Bb3 Nc6 6. Nb5 g6 7. Qf3 f5 8.
Qd5 Qe7 9. Nxc7+ Kd8 10. Nxa8 b6 11. Ba4 Bb7 12. Nxb6 axb6 13. Qb3 Nc8 14.
Ne2 Qc5 15. Qf7 Qe7 16. Qxe7+ Kxe7 17. c3 Na5 18. O-O Bg7 19. Re1 d6 20. h4
Kf7 21. d4 e4 22. Bf4 Re8 23. Bxe8+ Kxe8 24. Red1 Kd7 25. Kh2 d5 26. Kh3 Nd6
27. Be5 Bxe5 28. dxe5 Nf7 29. Nf4 Nxe5 30. Nxd5 Ke6 31. Nxb6 Nac4 32. Nxc4
Nxc4 33. b3 Nd6 34. a4 f4 35. a5 Ba6 36. c4 Nf5 37. Re1 Ke5 38. c5 h6 39. b4
Nd4 40. Rac1 Nc6 41. Rb1 g5 42. hxg5 hxg5 43. Rh1 Kf5 44. b5 g4+ 45. Kh2
Bxb5 46. Rxb5 Nd4 47. Rhb1 e3 48. c6+ Ke6 49. c7 Kd7 50. c8=Q+ Kxc8 51. Rc1+
Kd7 52. Rd5+ Ke6 53. Rxd4 Ke5 54. Rd3 e2 55. a6 Ke4 56. Rd6 f3 57. a7 Ke5
58. Rd8 Ke6 59. a8=Q Ke7 60. gxf3 gxf3 61. Rc7+ Ke6 62. Qd5+ Kf6 63. Rd6#
{Black checkmated}
1-0

[Event "GambitGuide"]
[Site "Internet Chess Club"]
[Date "2014.10.30"]
[Round "1"]
[White "JSBach"]
[Black "InstantKarma"]
[Result "0-1"]
[ICCResult "White checkmated"]
[WhiteElo "1651"]
[BlackElo "1557"]
[Opening "Vienna: `Frankenstein-Dracula' variation"]
[ECO "C27"]
[NIC "VG.02"]
[Time "17:43:18"]
[TimeControl "120+12"]

1. e4 e5 2. Nc3 Nf6 3. Bc4 Nxe4 4. Qh5 Nd6 5. Bb3 Nc6 6. Nb5 g6 7. Qf3 f5 8.
Qd5 Qe7 9. Nxc7+ Kd8 10. Nxa8 b6 11. Ba4 Nd4 12. f4 Bb7 13. Qxe5 Bxg2 14.
Nxb6 axb6 15. c3 Qh4+ 16. Kd1 Qg4+ 17. Ke1 Bg7 18. Qxg7 Re8+ 19. Kf2 Re2+
20. Nxe2 Qxe2+ 21. Kg3 Qf3+ 22. Kh4 Qg4# {White checkmated} 0-1

[Event "GambitGuide"]
[Site "Internet Chess Club"]
[Date "2014.10.30"]
[Round "1"]
[White "JSBach"]
[Black "sicilijan"]
[Result "1-0"]
[ICCResult "Black checkmated"]
[WhiteElo "1651"]
[BlackElo "1550"]
[Opening "Vienna: `Frankenstein-Dracula' variation"]
[ECO "C27"]
[NIC "VG.02"]
[Time "17:40:52"]
[TimeControl "120+12"]

1. e4 e5 2. Nc3 Nf6 3. Bc4 Nxe4 4. Qh5 Nd6 5. Bb3 Nc6 6. Nb5 g6 7. Qf3 f5 8.
Qd5 Qe7 9. Nxc7+ Kd8 10. Nxa8 b6 11. Ba4 Bb7 12. Nxb6 axb6 13. Qb3 Ke8 14.
Qxb6 Kf7 15. Bb3+ Kg7 16. Bd5 Qe8 17. b4 Qa8 18. Bb2 Be7 19. Bxc6 Bxc6 20.
Bxe5+ Bf6 21. Bxf6+ Kxf6 22. Qd4+ Kf7 23. Qxd6 Re8+ 24. Kd1 Bxg2 25. Qxd7+
Re7 26. Qd6 Bxh1 27. c4 Qe4 28. Qd5+ Qxd5 29. cxd5 Bxd5 30. d4 Bc4 31. a4
Bb3+ 32. Kd2 Rc7 33. Nh3 Rc2+ 34. Kd3 Rc7 35. a5 Bd5 36. Nf4 Be4+ 37. Ke3
Rc3+ 38. Ke2 Rf3 39. Ng2 Rh3 40. Nf4 Rxh2 41. Rg1 Kf6 42. Ke3 g5 43. Ne2
Rh3+ 44. Ng3 Bc6 45. Rc1 Bb5 46. Rc5 Ba4 47. Rxf5+ Kg6 48. Re5 Rh2 49. f4
Rb2 50. Rxg5+ Kh6 51. Nf5# {Black checkmated} 1-0

[Event "GambitGuide"]
[Site "Internet Chess Club"]
[Date "2014.10.30"]
[Round "1"]
[White "JSBach"]
[Black "InstantKarma"]
[Result "1-0"]
[ICCResult "Black resigns"]
[WhiteElo "1651"]
[BlackElo "1557"]
[Opening "Vienna: `Frankenstein-Dracula' variation"]
[ECO "C27"]
[NIC "VG.02"]
[Time "17:44:22"]
[TimeControl "120+12"]

1. e4 e5 2. Nc3 Nf6 3. Bc4 Nxe4 4. Qh5 Nd6 5. Bb3 Nc6 6. Nb5 g6 7. Qf3 f5 8.
Qd5 Qe7 9. Nxc7+ Kd8 10. Nxa8 b6 11. Ba4 Bb7 12. Nxb6 {Black resigns} 1-0

[Event "GambitGuide"]
[Site "Internet Chess Club"]
[Date "2014.10.30"]
[Round "1"]
[White "JSBach"]
[Black "fishhead"]
[Result "1-0"]
[ICCResult "Black resigns"]
[WhiteElo "1651"]
[BlackElo "1597"]
[Opening "Vienna: `Frankenstein-Dracula' variation"]
[ECO "C27"]
[NIC "VG.02"]
[Time "17:43:19"]
[TimeControl "120+12"]

1. e4 e5 2. Nc3 Nf6 3. Bc4 Nxe4 4. Qh5 Nd6 5. Bb3 Nc6 6. Nb5 g6 7. Qf3 f5 8.
Qd5 Qe7 9. Nxc7+ Kd8 10. Nxa8 b6 11. Ba4 Bb7 12. Nxb6 axb6 13. Qb3 b5 14.
Nf3 bxa4 15. Qxa4 Bg7 16. O-O h6 17. Re1 Qf6 18. Kf1 Re8 19. d3 Nf7 20. Qb5
Bc8 21. Bf4 Qd6 22. d4 Re6 23. dxe5 Ncxe5 24. Rad1 Qe7 25. Nd4 Rd6 26. Qb8
g5 27. Nxf5 Qe6 28. Nxd6 Nxd6 29. Bxg5+ hxg5 30. Rxd6 {Black resigns} 1-0

[Event "GambitGuide"]
[Site "Internet Chess Club"]
[Date "2014.10.30"]
[Round "1"]
[White "JSBach"]
[Black "kuziyamisa"]
[Result "1-0"]
[ICCResult "Black checkmated"]
[WhiteElo "1651"]
[BlackElo "1310"]
[Opening "Vienna: `Frankenstein-Dracula' variation"]
[ECO "C27"]
[NIC "VG.02"]
[Time "17:39:49"]
[TimeControl "120+12"]

1. e4 e5 2. Nc3 Nf6 3. Bc4 Nxe4 4. Qh5 Nd6 5. Bb3 Nc6 6. Nb5 g6 7. Qf3 f5 8.
Qd5 Qe7 9. Nxc7+ Kd8 10. Nxa8 b6 11. Ba4 Bb7 12. Nxb6 axb6 13. Qb3 Kc7 14.
Ne2 Qg5 15. O-O Nd4 16. Qc3+ Kd8 17. Qh3 Nxe2+ 18. Kh1 Nf4 19. Qg3 Bxg2+ 20.
Kg1 Bxf1 21. Qxg5+ Be7 22. Qh6 Bh3 23. Qg7 Ne2+ 24. Kh1 Ne4 25. Qxh8+ Kc7
26. Qxe5+ Bd6 27. Qxe4 fxe4 28. Bb5 Nf4 29. d3 Ne2 30. dxe4 Bg4 31. Kg2 Nxc1
32. Rxc1 Be6 33. h4 h5 34. Rf1 Bf4 35. Be2 Kd6 36. c4 Kc5 37. Rd1 d6 38. b3
Kb4 39. Kf3 Be5 40. Rg1 Bf7 41. Ke3 Ka3 42. f4 Bg7 43. Bxh5 Kxa2 44. Bxg6
Bxg6 45. Rxg6 Kxb3 46. Rxg7 Kxc4 47. f5 b5 48. f6 b4 49. f7 b3 50. f8=Q b2
51. Qb8 b1=Q 52. Rc7# {Black checkmated} 1-0

[Event "GambitGuide"]
[Site "Internet Chess Club"]
[Date "2014.10.30"]
[Round "1"]
[White "JSBach"]
[Black "DOXDURAN"]
[Result "0-1"]
[ICCResult "White checkmated"]
[WhiteElo "1651"]
[BlackElo "1629"]
[Opening "Vienna: `Frankenstein-Dracula' variation"]
[ECO "C27"]
[NIC "VG.02"]
[Time "17:41:18"]
[TimeControl "120+12"]

1. e4 e5 2. Nc3 Nf6 3. Bc4 Nxe4 4. Qh5 Nd6 5. Bb3 Nc6 6. Nb5 g6 7. Qf3 f5 8.
Qd5 Qe7 9. Nxc7+ Kd8 10. Nxa8 b6 11. Ba4 Bb7 12. Nxb6 axb6 13. Qb3 b5 14.
Nf3 bxa4 15. Qxa4 Nc8 16. Qb5 d6 17. b3 Qd7 18. d3 Bg7 19. a4 N6e7 20. Be3
f4 21. Bb6+ Nxb6 22. Qxb6+ Qc7 23. a5 Qxb6 24. axb6 Kd7 25. Ra4 Ra8 26. Ra7
Kc6 27. b4 Rxa7 28. bxa7 Ba8 29. Ke2 Kb7 30. Ra1 e4 31. Ra5 exf3+ 32. Kxf3
Nc6 33. Ra4 g5 34. Kg4 h6 35. h4 gxh4 36. Kxf4 Nxa7 37. Ke3 Nc6 38. b5 Nd4
39. Rxd4 Bxd4+ 40. Kxd4 Kb6 41. c4 Bxg2 42. f3 Bxf3 43. Ke3 Bb7 44. Kf2 Kc5
45. Kf1 Kd4 46. Kf2 Kxd3 47. b6 Kxc4 48. Kf1 Kc5 49. Kg1 Kxb6 50. Kh2 d5 51.
Kh3 d4 52. Kxh4 Kc5 53. Kg3 Kc4 54. Kf2 Kc3 55. Ke2 d3+ 56. Ke1 Bf3 57. Kf2
Bg4 58. Kg3 h5 59. Kf4 d2 60. Kg5 d1=Q 61. Kh4 Bc8 62. Kg3 Qg4+ 63. Kf2 h4
64. Ke3 Bb7 65. Kf2 Qg3+ 66. Ke2 h3 67. Kd1 Qg2 68. Ke1 h2 69. Kd1 h1=Q#
{White checkmated}
0-1

[Event "GambitGuide"]
[Site "Internet Chess Club"]
[Date "2014.10.30"]
[Round "1"]
[White "JSBach"]
[Black "alpine"]
[Result "1-0"]
[ICCResult "Black resigns"]
[WhiteElo "1651"]
[BlackElo "1763"]
[Opening "Vienna: `Frankenstein-Dracula' variation"]
[ECO "C27"]
[NIC "VG.02"]
[Time "17:43:22"]
[TimeControl "120+12"]

1. e4 e5 2. Nc3 Nf6 3. Bc4 Nxe4 4. Qh5 Nd6 5. Bb3 Nc6 6. Nb5 g6 7. Qf3 f5 8.
Qd5 Qe7 9. Nxc7+ Kd8 10. Nxa8 b6 11. Ba4 Nd4 12. f4 exf4+ 13. Kd1 Ne6 14.
Nf3 Bb7 15. Qd3 Ne4 16. Rf1 N6c5 17. Qd4 Bg7 18. Qb4 Qd6 19. Nxb6 axb6 20.
Bb5 Kc7 21. c3 Re8 22. Kc2 Bc6 23. d3 Nf6 24. Bxf4 Qxf4 25. Qxf4+
{Black resigns}
1-0

[Event "GambitGuide"]
[Site "Internet Chess Club"]
[Date "2014.10.30"]
[Round "1"]
[White "JSBach"]
[Black "Cryptochess"]
[Result "0-1"]
[ICCResult "White checkmated"]
[WhiteElo "1651"]
[BlackElo "2540"]
[Opening "Vienna: `Frankenstein-Dracula' variation"]
[ECO "C27"]
[NIC "VG.02"]
[Time "17:44:27"]
[TimeControl "120+12"]

1. e4 e5 2. Nc3 Nf6 3. Bc4 Nxe4 4. Qh5 Nd6 5. Bb3 Nc6 6. Nb5 g6 7. Qf3 f5 8.
Qd5 Qe7 9. Nxc7+ Kd8 10. Nxa8 b6 11. Ba4 Bb7 12. Nxb6 axb6 13. Qb3 Kc7 14.
Ne2 Nd4 15. Nxd4 exd4+ 16. Kf1 Bg7 17. a3 Re8 18. Qe3 dxe3 19. dxe3 Ba6+ 20.
Kg1 Ne4 21. Bb3 Qd6 22. g3 Qd1+ 23. Kg2 Qe2 24. Rg1 Qxf2+ 25. Kh1 Be2 26.
Rg2 Bf3 27. Bd5 Qf1# {White checkmated} 0-1

[Event "GambitGuide"]
[Site "Internet Chess Club"]
[Date "2014.10.30"]
[Round "1"]
[White "JSBach"]
[Black "sicilijan"]
[Result "1-0"]
[ICCResult "Black resigns"]
[WhiteElo "1651"]
[BlackElo "1550"]
[Opening "Vienna: `Frankenstein-Dracula' variation"]
[ECO "C27"]
[NIC "VG.02"]
[Time "17:44:38"]
[TimeControl "120+12"]

1. e4 e5 2. Nc3 Nf6 3. Bc4 Nxe4 4. Qh5 Nd6 5. Bb3 Nc6 6. Nb5 g6 7. Qf3 f5 8.
Qd5 Qe7 9. Nxc7+ Kd8 10. Nxa8 b6 11. Ba4 Qf7 12. Bxc6 Qxd5 13. Bxd5 Ba6 14.
d3 Bg7 15. a4 Ke7 16. Nc7 Rc8 17. Nxa6 {Black resigns} 1-0

[Event "GambitGuide"]
[Site "Internet Chess Club"]
[Date "2014.10.30"]
[Round "1"]
[White "JSBach"]
[Black "Superstes"]
[Result "1-0"]
[ICCResult "Black resigns"]
[WhiteElo "1651"]
[BlackElo "1577"]
[Opening "Vienna: `Frankenstein-Dracula' variation"]
[ECO "C27"]
[NIC "VG.02"]
[Time "17:43:24"]
[TimeControl "120+12"]

1. e4 e5 2. Nc3 Nf6 3. Bc4 Nxe4 4. Qh5 Nd6 5. Bb3 Nc6 6. Nb5 g6 7. Qf3 f5 8.
Qd5 Qe7 9. Nxc7+ Kd8 10. Nxa8 b6 11. Ba4 Bb7 12. Nxb6 axb6 13. Qb3 Kc7 14.
Nf3 Bg7 15. O-O e4 16. Re1 Qd8 17. Kf1 exf3 18. Qxf3 Nd4 19. Qc3+ Kb8 20.
Qb4 Qc7 21. Re7 Ba6+ 22. d3 Nxc2 23. Bxc2 Qxc2 24. Qxd6+ Ka7 25. Qxd7+
{Black resigns}
1-0

[Event "GambitGuide"]
[Site "Internet Chess Club"]
[Date "2014.10.30"]
[Round "1"]
[White "JSBach"]
[Black "powerpawn"]
[Result "1-0"]
[ICCResult "Black checkmated"]
[WhiteElo "1651"]
[BlackElo "2013"]
[Opening "Vienna: `Frankenstein-Dracula' variation"]
[ECO "C27"]
[NIC "VG.02"]
[Time "17:44:45"]
[TimeControl "120+12"]

1. e4 e5 2. Nc3 Nf6 3. Bc4 Nxe4 4. Qh5 Nd6 5. Bb3 Nc6 6. Nb5 g6 7. Qf3 f5 8.
Qd5 Qe7 9. Nxc7+ Kd8 10. Nxa8 b6 11. Ba4 Bb7 12. Nxb6 axb6 13. Qb3 Kc7 14.
Ne2 Qe6 15. Qxe6 dxe6 16. d3 Nb4 17. f3 b5 18. Bb3 Bd5 19. Kd1 Be7 20. Bd2
Nc6 21. Nc1 Ra8 22. Re1 Nd4 23. Bxd5 exd5 24. Rxe5 Nc6 25. Rxd5 Bf6 26. Bf4
Be7 27. Rxb5 Kd7 28. Bxd6 Bxd6 29. Rb7+ Bc7 30. Nb3 Kc8 31. Rb5 Kd7 32. Nc5+
Kd6 33. b4 Nxb4 34. Nb7+ Kc6 35. Rxb4 Be5 36. Rc4+ Kxb7 37. Rb1+ Ka7 38.
Ra4# {Black checkmated} 1-0

[Event "GambitGuide"]
[Site "Internet Chess Club"]
[Date "2014.10.30"]
[Round "1"]
[White "JSBach"]
[Black "fishhead"]
[Result "1-0"]
[ICCResult "Black resigns"]
[WhiteElo "1651"]
[BlackElo "1597"]
[Opening "Vienna: `Frankenstein-Dracula' variation"]
[ECO "C27"]
[NIC "VG.02"]
[Time "17:44:40"]
[TimeControl "120+12"]

1. e4 e5 2. Nc3 Nf6 3. Bc4 Nxe4 4. Qh5 Nd6 5. Bb3 Nc6 6. Nb5 g6 7. Qf3 f5 8.
Qd5 Qe7 9. Nxc7+ Kd8 10. Nxa8 b6 11. Ba4 Bb7 12. Nxb6 axb6 13. Qb3 b5 14.
Nf3 bxa4 15. Qxa4 Bg7 16. O-O Ke8 17. Re1 Kf7 18. d4 e4 19. Qb3+ Kf8 20. Bf4
Nd8 21. Qa3 Nc4 22. Qb3 Bd5 23. a4 h6 24. Qb5 Qe6 25. b3 Nd6 26. Qc5 Nb7 27.
Qc7 Kf7 28. c4 {Black resigns} 1-0

[Event "GambitGuide"]
[Site "Internet Chess Club"]
[Date "2014.10.30"]
[Round "1"]
[White "JSBach"]
[Black "Superstes"]
[Result "1-0"]
[ICCResult "Black resigns"]
[WhiteElo "1651"]
[BlackElo "1577"]
[Opening "Vienna: `Frankenstein-Dracula' variation"]
[ECO "C27"]
[NIC "VG.02"]
[Time "17:45:50"]
[TimeControl "120+12"]

1. e4 e5 2. Nc3 Nf6 3. Bc4 Nxe4 4. Qh5 Nd6 5. Bb3 Nc6 6. Nb5 g6 7. Qf3 f5 8.
Qd5 Qe7 9. Nxc7+ Kd8 10. Nxa8 b6 11. Ba4 Bb7 12. Nxb6 axb6 13. Qb3 Kc7 14.
Ne2 Bg7 15. Nc3 Nd4 16. Nd5+ Bxd5 17. Qxd5 b5 18. Bb3 e4 19. c3 Nc6 20. a4
b4 21. cxb4 Nxb4 22. Qa5+ Kc8 23. Qxb4 {Black resigns} 1-0

[Event "GambitGuide"]
[Site "Internet Chess Club"]
[Date "2014.10.30"]
[Round "1"]
[White "JSBach"]
[Black "fishhead"]
[Result "1-0"]
[ICCResult "Black resigns"]
[WhiteElo "1651"]
[BlackElo "1597"]
[Opening "Vienna: `Frankenstein-Dracula' variation"]
[ECO "C27"]
[NIC "VG.02"]
[Time "17:46:03"]
[TimeControl "120+12"]

1. e4 e5 2. Nc3 Nf6 3. Bc4 Nxe4 4. Qh5 Nd6 5. Bb3 Nc6 6. Nb5 g6 7. Qf3 f5 8.
Qd5 Qe7 9. Nxc7+ Kd8 10. Nxa8 b6 11. Ba4 Bb7 12. Nxb6 axb6 13. Qb3 b5 14.
Nf3 bxa4 15. Qxa4 Bg7 16. d3 Re8 17. Bg5 Bf6 18. Be3 Nc8 19. Bd2 d5 20. Qb5
Qd7 21. Bg5 Bxg5 22. Nxg5 h6 23. Nf3 e4 24. dxe4 dxe4 25. Nh4 N6e7 26. Qa5+
Qc7 27. O-O-O+ Nd6 28. Rxd6+ {Black resigns} 1-0

[Event "GambitGuide"]
[Site "Internet Chess Club"]
[Date "2014.10.30"]
[Round "1"]
[White "JSBach"]
[Black "fmarshall"]
[Result "1-0"]
[ICCResult "Black resigns"]
[WhiteElo "1651"]
[BlackElo "1371"]
[Opening "Vienna: `Frankenstein-Dracula' variation"]
[ECO "C27"]
[NIC "VG.02"]
[Time "17:44:46"]
[TimeControl "120+12"]

1. e4 e5 2. Nc3 Nf6 3. Bc4 Nxe4 4. Qh5 Nd6 5. Bb3 Nc6 6. Nb5 g6 7. Qf3 f5 8.
Qd5 Qe7 9. Nxc7+ Kd8 10. Nxa8 b6 11. Ba4 Bb7 12. Nxb6 axb6 13. Qb3 Kc7 14.
Ne2 Ba6 15. Nc3 Kb7 16. Nd5 Qd8 17. d3 b5 18. Nc3 Qa5 19. Bd2 Nd4 20. Qd5+
Nc6 21. Nxb5 Qxa4 22. Nxd6+ Bxd6 23. Qxd6 Nd4 24. O-O Qxc2 25. Qxd7+ Ka8 26.
Qd5+ Bb7 27. Qa5+ Kb8 28. Qxe5+ Ka7 29. Qxd4+ Ka8 30. Qxh8+ Ka7 31. Be3+ Ka6
32. Qxh7 Qxd3 33. Qxg6+ {Black resigns} 1-0

[Event "GambitGuide"]
[Site "Internet Chess Club"]
[Date "2014.10.30"]
[Round "1"]
[White "JSBach"]
[Black "fishhead"]
[Result "1-0"]
[ICCResult "Black resigns"]
[WhiteElo "1651"]
[BlackElo "1597"]
[Opening "Vienna: `Frankenstein-Dracula' variation"]
[ECO "C27"]
[NIC "VG.02"]
[Time "17:47:09"]
[TimeControl "120+12"]

1. e4 e5 2. Nc3 Nf6 3. Bc4 Nxe4 4. Qh5 Nd6 5. Bb3 Nc6 6. Nb5 g6 7. Qf3 f5 8.
Qd5 Qe7 9. Nxc7+ Kd8 10. Nxa8 b6 11. Ba4 Bb7 12. Nxb6 axb6 13. Qb3 b5 14.
Nf3 bxa4 15. Qxa4 Bg7 16. O-O h6 17. Re1 Qe6 18. d4 e4 19. Bf4 Nf7 20. Qb5
Bc8 21. d5 {Black resigns} 1-0

[Event "GambitGuide"]
[Site "Internet Chess Club"]
[Date "2014.10.30"]
[Round "1"]
[White "JSBach"]
[Black "Superstes"]
[Result "1-0"]
[ICCResult "Black resigns"]
[WhiteElo "1651"]
[BlackElo "1577"]
[Opening "Vienna: `Frankenstein-Dracula' variation"]
[ECO "C27"]
[NIC "VG.02"]
[Time "17:46:51"]
[TimeControl "120+12"]

1. e4 e5 2. Nc3 Nf6 3. Bc4 Nxe4 4. Qh5 Nd6 5. Bb3 Nc6 6. Nb5 g6 7. Qf3 f5 8.
Qd5 Qe7 9. Nxc7+ Kd8 10. Nxa8 b6 11. Ba4 Bb7 12. Nxb6 axb6 13. Qb3 Kc7 14.
Ne2 Bg7 15. Nc3 Nd4 16. Nd5+ Bxd5 17. Qxd5 e4 18. Rf1 e3 19. fxe3 Ne6 20. g3
{Black resigns}
1-0

[Event "GambitGuide"]
[Site "Internet Chess Club"]
[Date "2014.10.30"]
[Round "1"]
[White "JSBach"]
[Black "alpine"]
[Result "0-1"]
[ICCResult "White checkmated"]
[WhiteElo "1651"]
[BlackElo "1763"]
[Opening "Vienna: `Frankenstein-Dracula' variation"]
[ECO "C27"]
[NIC "VG.02"]
[Time "17:45:25"]
[TimeControl "120+12"]

1. e4 e5 2. Nc3 Nf6 3. Bc4 Nxe4 4. Qh5 Nd6 5. Bb3 Nc6 6. Nb5 g6 7. Qf3 f5 8.
Qd5 Qe7 9. Nxc7+ Kd8 10. Nxa8 b6 11. Ba4 Bb7 12. Nxb6 axb6 13. Qb3 Kc7 14.
Ne2 Bh6 15. d3 Bxc1 16. Rxc1 Nd4 17. Nxd4 exd4+ 18. Kd1 Re8 19. Rb1 Qe2+ 20.
Kc1 Bxg2 21. Rd1 Bf3 22. Rg1 Qxf2 23. Qxb6+ Kxb6 24. b3 Qxg1+ 25. Kb2 Qe3
26. Bxd7 Re7 27. Ba4 Nb5 28. Bxb5 Kxb5 29. a3 Qd2 30. a4+ Kb4 31. Rf1 Qc3+
32. Kb1 Re2 33. Rc1 g5 34. h3 h5 35. h4 g4 36. a5 Kxa5 37. Ka2 Rxc2+ 38.
Rxc2 Qxc2+ 39. Ka3 Qxd3 40. Kb2 Kb4 41. Kc1 Qd1+ 42. Kb2 Qxb3+ 43. Kc1 Qc3+
44. Kb1 Qd2 45. Ka1 Kb3 46. Kb1 Qb2# {White checkmated} 0-1

[Event "GambitGuide"]
[Site "Internet Chess Club"]
[Date "2014.10.30"]
[Round "1"]
[White "JSBach"]
[Black "DOXDURAN"]
[Result "1-0"]
[ICCResult "Black resigns"]
[WhiteElo "1651"]
[BlackElo "1629"]
[Opening "Vienna: `Frankenstein-Dracula' variation"]
[ECO "C27"]
[NIC "VG.02"]
[Time "17:45:21"]
[TimeControl "120+12"]

1. e4 e5 2. Nc3 Nf6 3. Bc4 Nxe4 4. Qh5 Nd6 5. Bb3 Nc6 6. Nb5 g6 7. Qf3 f5 8.
Qd5 Qe7 9. Nxc7+ Kd8 10. Nxa8 b6 11. Ba4 Bb7 12. Nxb6 axb6 13. Qb3 b5 14.
Nf3 bxa4 15. Qxa4 Bg7 16. O-O Nc8 17. Qb5 d6 18. Re1 Qd7 19. d4 e4 20. d5
Ne5 21. Qa5+ Ke8 22. Nxe5 Bxe5 23. c4 Qd8 24. Qxd8+ Kxd8 25. a4 Ba6 26. c5
dxc5 27. g3 Ne7 28. Rd1 Kd7 29. h4 Kd6 30. Be3 Nxd5 31. Rac1 c4 32. Rc2 Ke6
33. Bc5 Rc8 34. Bd4 Bxd4 35. Rxd4 Ke5 36. Rcd2 Rd8 37. a5 Bc8 38. Rxc4 Be6
39. Rcd4 Rd7 40. Rd1 Nf6 41. Rxd7 Nxd7 42. b4 Bc4 43. Rxd7 h6 44. Rg7 g5 45.
hxg5 hxg5 46. Rxg5 Bb5 47. g4 Kf4 48. Rxf5+ Kxg4 49. Rxb5 {Black resigns}
1-0

[Event "GambitGuide"]
[Site "Internet Chess Club"]
[Date "2014.10.30"]
[Round "1"]
[White "JSBach"]
[Black "sicilijan"]
[Result "1-0"]
[ICCResult "Black resigns"]
[WhiteElo "1651"]
[BlackElo "1550"]
[Opening "Vienna: `Frankenstein-Dracula' variation"]
[ECO "C27"]
[NIC "VG.02"]
[Time "17:45:51"]
[TimeControl "120+12"]

1. e4 e5 2. Nc3 Nf6 3. Bc4 Nxe4 4. Qh5 Nd6 5. Bb3 Nc6 6. Nb5 g6 7. Qf3 f5 8.
Qd5 Qe7 9. Nxc7+ Kd8 10. Nxa8 b6 11. Ba4 Bb7 12. Nxb6 axb6 13. Qb3 Kc7 14.
Ne2 Bg7 15. Rb1 Ra8 16. O-O Na5 17. Qb4 Nc6 18. Qb3 Na5 19. Qa3 Nac4 20. Qb4
Qe6 21. b3 Na5 22. Re1 Qd5 23. f3 b5 24. Nc3 Qd4+ 25. Qxd4 exd4 26. Nxb5+
Nxb5 27. Bxb5 Nc6 28. a4 Nb4 29. Re7 Bf6 30. Rxd7+ Kb6 31. Rd6+ Ka5 32. Rxf6
Nxc2 33. Rf7 Bd5 34. Rxh7 d3 35. Rg7 Re8 36. Bxe8 {Black resigns} 1-0

[Event "GambitGuide"]
[Site "Internet Chess Club"]
[Date "2014.10.30"]
[Round "1"]
[White "JSBach"]
[Black "alpine"]
[Result "1-0"]
[ICCResult "Black checkmated"]
[WhiteElo "1651"]
[BlackElo "1763"]
[Opening "Vienna: `Frankenstein-Dracula' variation"]
[ECO "C27"]
[NIC "VG.02"]
[Time "17:48:45"]
[TimeControl "120+12"]

1. e4 e5 2. Nc3 Nf6 3. Bc4 Nxe4 4. Qh5 Nd6 5. Bb3 Nc6 6. Nb5 g6 7. Qf3 f5 8.
Qd5 Qe7 9. Nxc7+ Kd8 10. Nxa8 b6 11. Ba4 Bb7 12. Nxb6 axb6 13. Qb3 Kc7 14.
Ne2 Bh6 15. Nc3 Nd4 16. Nd5+ Bxd5 17. Qxd5 b5 18. Bb3 Nxb3 19. axb3 Ne4 20.
Ra7+ Kb6 21. Rb7+ Ka6 22. Qxb5# {Black checkmated} 1-0

[Event "GambitGuide"]
[Site "Internet Chess Club"]
[Date "2014.10.30"]
[Round "1"]
[White "JSBach"]
[Black "DOXDURAN"]
[Result "1-0"]
[ICCResult "Black resigns"]
[WhiteElo "1651"]
[BlackElo "1629"]
[Opening "Vienna: `Frankenstein-Dracula' variation"]
[ECO "C27"]
[NIC "VG.02"]
[Time "17:48:53"]
[TimeControl "120+12"]

1. e4 e5 2. Nc3 Nf6 3. Bc4 Nxe4 4. Qh5 Nd6 5. Bb3 Nc6 6. Nb5 g6 7. Qf3 f5 8.
Qd5 Qe7 9. Nxc7+ Kd8 10. Nxa8 b6 11. Ba4 Bb7 12. Nxb6 axb6 13. Qb3 b5 14.
Nf3 b4 15. Bxc6 Bxc6 16. Qxb4 Nc8 17. Qb8 Qd6 18. Qxd6 Bxd6 19. Ke2 Ne7 20.
a4 Kc7 21. a5 Ra8 22. d3 Bb4 23. a6 Bb5 24. a7 Bc5 25. Be3 Bb6 26. Nxe5 d6
27. Bxb6+ Kxb6 28. Nf7 Rxa7 29. Rxa7 Ba6 30. Rxe7 {Black resigns} 1-0

[Event "GambitGuide"]
[Site "Internet Chess Club"]
[Date "2014.10.30"]
[Round "1"]
[White "JSBach"]
[Black "powerpawn"]
[Result "1-0"]
[ICCResult "Black resigns"]
[WhiteElo "1651"]
[BlackElo "2013"]
[Opening "Vienna: `Frankenstein-Dracula' variation"]
[ECO "C27"]
[NIC "VG.02"]
[Time "17:47:19"]
[TimeControl "120+12"]

1. e4 e5 2. Nc3 Nf6 3. Bc4 Nxe4 4. Qh5 Nd6 5. Bb3 Nc6 6. Nb5 g6 7. Qf3 f5 8.
Qd5 Qe7 9. Nxc7+ Kd8 10. Nxa8 b6 11. Ba4 Bb7 12. Nxb6 axb6 13. Qb3 b5 14.
Nf3 bxa4 15. Qxa4 Bg7 16. O-O e4 17. Ne1 Re8 18. d3 Ne5 19. Qa5+ Kc8 20. Bf4
Bc6 21. Qb6 Qd8 22. Qa6+ Kc7 23. dxe4 Nxe4 24. Rd1 Qc8 25. Qa5+ Kb8 26. f3
g5 27. Be3 Qb7 28. fxe4 Bxe4 29. Bb6 Nc6 30. Qc5 Re5 31. Qd6+ Ka8 32. Bc7
Re7 33. Bd8 Qa7+ 34. Kh1 Re6 35. Qxd7 Qxd7 36. Rxd7 Bxb2 37. Bxg5 Ne5 38.
Rxh7 Ra6 39. a4 Rxa4 40. Rc7 Ra1 41. h3 Nc6 42. c4 Nd4 43. Bf6 Rb1 44. Rd7
Ne2 45. Bh4 Bc3 46. c5 f4 47. Re7 Bd3 48. Kh2 Ng3 49. Rxf4 Bxe1 50. Rf8+ Rb8
51. Rxb8+ Kxb8 52. Bxg3+ Bxg3+ 53. Kxg3 {Black resigns} 1-0

[Event "GambitGuide"]
[Site "Internet Chess Club"]
[Date "2014.10.30"]
[Round "1"]
[White "JSBach"]
[Black "fishhead"]
[Result "1-0"]
[ICCResult "Black resigns"]
[WhiteElo "1651"]
[BlackElo "1597"]
[Opening "Vienna: `Frankenstein-Dracula' variation"]
[ECO "C27"]
[NIC "VG.02"]
[Time "17:48:32"]
[TimeControl "120+12"]

1. e4 e5 2. Nc3 Nf6 3. Bc4 Nxe4 4. Qh5 Nd6 5. Bb3 Nc6 6. Nb5 g6 7. Qf3 f5 8.
Qd5 Qe7 9. Nxc7+ Kd8 10. Nxa8 b6 11. Ba4 Bb7 12. Nxb6 axb6 13. Qb3 b5 14.
Nf3 bxa4 15. Qxa4 Qg7 16. O-O Be7 17. d3 Nf7 18. Qb5 Bc8 19. Re1 Bf6 20. d4
e4 21. d5 Nce5 22. Nxe5 Bxe5 23. Qc5 d6 24. Qb5 Ke7 25. Kf1 Bd7 26. Qb7 Rc8
27. c3 Nd8 28. Qb4 Rc7 29. Bg5+ Ke8 30. Bxd8 Kxd8 31. Qb6 Kc8 32. Rac1 Bf4
33. Rc2 Qe5 34. c4 Rc5 35. Rce2 Qd4 36. b3 Be5 37. Qa6+ Kd8 38. Qb7 Ke7 39.
a3 Qc3 40. f3 exf3 41. gxf3 Qa5 42. f4 Rc7 43. Qb4 Qxb4 44. axb4 Kf6 45.
fxe5+ dxe5 46. Rxe5 {Black resigns} 1-0

[Event "GambitGuide"]
[Site "Internet Chess Club"]
[Date "2014.10.30"]
[Round "1"]
[White "JSBach"]
[Black "zigzag2002"]
[Result "1-0"]
[ICCResult "Black resigns"]
[WhiteElo "1651"]
[BlackElo "1937"]
[Opening "Vienna: `Frankenstein-Dracula' variation"]
[ECO "C27"]
[NIC "VG.02"]
[Time "17:50:52"]
[TimeControl "120+12"]

1. e4 e5 2. Nc3 Nf6 3. Bc4 Nxe4 4. Qh5 Nd6 5. Bb3 Nc6 6. Nb5 g6 7. Qf3 f5 8.
Qd5 Qe7 9. Nxc7+ Kd8 10. Nxa8 b6 11. Ba4 Bb7 12. Nxb6 axb6 13. Qb3 Bg7 14.
Qxb6+ Kc8 15. d3 e4 16. Be3 exd3 17. Bxc6 Bxc6 18. cxd3 f4 19. Rc1 fxe3 20.
fxe3 Bh6 21. Kf2 Rf8+ 22. Nf3 g5 23. Rhf1 g4 24. Rxc6+ dxc6 25. Qxc6+ Qc7
26. Qa8+ Qb8 27. Rc1+ Kd7 28. Qxb8 Rxb8 29. Ne5+ Ke6 30. Nxg4 Rxb2+ 31. Kf3
Bg7 32. a4 Ra2 33. Rc7 Ne8 34. Rc8 Kd7 35. Rc4 Nd6 36. Rf4 h5 37. Nf2
{Black resigns}
1-0